 Dungeon Crawl Stone Soup version 0.32-a0-450-g080537f31e (webtiles) character file.

Game seed: 13651191912321403760

1882 ezpacito the Trooper (level 8, -6/84 (93) HPs)
             Began as a Demonspawn Chaos Knight on Feb 23, 2024.
             Was a Plaything of Xom.
             Killed by an exploding butterfly (10 damage)
             ... ignited by their inner flame
             ... on level 7 of the Dungeon.
             The game lasted 00:07:53 (5648 turns).

ezpacito the Trooper (Demonspawn Chaos Knight)      Turns: 5648, Time: 00:07:54

HP:   -6/84 (93)    AC: 24    Str: 10 (13) XL:     8   Next: 92%
MP:   13/13         EV:  2    Int: 10 (12) God:    Xom [...*..]
Gold: 195           SH:  0    Dex: 10 (13) Spells: 7/13 levels left

rFire   . . .        a - +1 hand axe (chaos)
rCold   . . .        (no shield)
rNeg    . . .        o - melded +3 chain mail {rF+}
rPois   +            f - melded +0 helmet
rElec   .            t - melded scarf {repulsion}
rCorr   .            x - melded +0 pair of gloves
SInv    .            (boots currently unavailable)
Will    .....        r - amulet of faith
Stlth   ++           v - ring of flight
HPRegen 2.34/turn    (no ring)
MPRegen 0.13/turn

%: clarity, faith
@: mighty, tree-form, wreathed by umbra, studying Polearms, drained
A: stationary, stasis, torment immunity, boosted hp, (hooves 1), powered by
death 2, (sanguine armour 2), foul shadow 1, clarity, mutation resistance 1,
screaming 1, weak 1, wild magic 1, persistent drain
a: Renounce Religion


You were on level 7 of the Dungeon.
You worshipped Xom.
You were a favourite toy of Xom.
You were a tree.
You visited 2 branches of the dungeon, and saw 8 of its levels.

You collected 244 gold pieces.
You spent 49 gold pieces at shops.

Inventory:

Hand Weapons
 a - a +1 hand axe of chaos (weapon)
 E - a +0 war axe
 G - the +2 whip "Nukhlyxor" {drain, Int+3}
   (You found it on level 5 of the Dungeon)

   Int+3:     It affects your intelligence (+3).
Missiles
 i - 11 boomerangs (quivered)
 j - 3 poisoned darts
 B - 12 javelins
Armour
 f - a +0 helmet (melded)
 o - a +3 chain mail of fire resistance (melded)
 t - a scarf of repulsion (melded)
 x - a +0 pair of gloves (melded)
Jewellery
 r - an amulet of faith (around neck)
 v - a ring of flight (left branch)
 C - a ring of fire
Talismans
 h - a dragon-blood talisman
 w - a flux talisman
Wands
 m - a wand of quicksilver (7)
Scrolls
 d - a scroll of torment
 g - 8 scrolls of teleportation
 k - a scroll of fear
 p - a scroll of poison
 s - 2 scrolls of amnesia
 z - 2 scrolls of enchant weapon
Potions
 l - 2 potions of cancellation


   Skills:
 * Level 5.0 Fighting
 * Level 4.6(5.2) Axes
 + Level 3.6(4.7) Polearms
 + Level 2.0 Throwing
 * Level 4.1 Armour
 * Level 3.6 Dodging
 + Level 2.8 Stealth
 * Level 3.4 Unarmed Combat
 * Level 3.4 Spellcasting
 + Level 0.5 Conjurations
 + Level 2.1 Evocations


You had 7 spell levels left.
You knew the following spells:

 Your Spells              Type           Power      Damage    Failure   Level
a - Blink                 Tloc           4%         N/A       47%         2
b - Lesser Beckoning      Tloc           4%         N/A       47%         2
c - Momentum Strike       Conj/Tloc      4%         3d8       45%         2

Your spell library contained the following spells:

 Spells                   Type           Power      Damage    Failure   Level


Dungeon Overview and Level Annotations

Branches:
Dungeon (7/15)             Temple (1/1) D:5

Altars:
Dithmenos
Fedhas
Hepliaklqana
Makhleb
Qazlal
Ru
Sif Muna
Uskayaw
Xom

Shops:
D:3 [   D:5 *


Innate Abilities, Weirdness & Mutations

You are a tree.
Your roots penetrate the ground, keeping you stationary.
You cannot be teleported.
You are immune to unholy pain and torment.
Your maximum health is greatly increased.
Your equipment is partially melded.
((You have large cloven feet.))
You regenerate health from kills.
((When seriously injured, your blood forms thick armour. (AC +0)))
You are faintly shadowed, very rarely releasing foul flame when damaged in melee.
You possess an exceptional clarity of mind.
You are somewhat resistant to further mutation.
You occasionally shout uncontrollably at your foes.
You are weak. (Str -2)
Your spells are a little harder to cast, but a little more powerful.
Your health recovers twice as slowly from being drained.


Message History

You feel mightier all of a sudden.
You are now a favourite toy of Xom.
The water moccasin closely misses your butterfly.
As you read the scroll labelled WIECUFRIPOI, it crumbles to dust.
The creatures around you are filled with an inner flame!
It was a scroll of immolation.
The wight misses your butterfly.
The wight completely misses your butterfly.
You catch your helpless butterfly completely off-guard!
You hit your butterfly.
Your butterfly disappears in a burst of colours!
Your butterfly explodes!
The fiery explosion engulfs the water moccasin!!
Flame seeps out of the water moccasin.
The water moccasin is severely wounded.
The fiery explosion engulfs your butterfly!!
Your butterfly disappears in a burst of colours!
The fiery explosion engulfs your butterfly!!!
Your butterfly disappears in a burst of colours!
The fiery explosion engulfs your butterfly!!
Your butterfly disappears in a burst of colours!
The fiery explosion engulfs your butterfly!!
Your butterfly disappears in a burst of colours!
The fiery explosion engulfs you!
Xom roars with laughter!
* * * LOW HITPOINT WARNING * * *
Your butterfly explodes!
The fiery explosion engulfs your butterfly!!
Your butterfly disappears in a burst of colours!
The fiery explosion engulfs your butterfly!!
Your butterfly disappears in a burst of colours!
The fiery explosion engulfs your butterfly!!
Your butterfly disappears in a burst of colours!
The fiery explosion engulfs your butterfly!!
Your butterfly disappears in a burst of colours!
The fiery explosion engulfs your butterfly!
Your butterfly disappears in a burst of colours!
Your butterfly explodes!
The fiery explosion engulfs you!
You die...
Xom giggles madly!

####<#### #.......
+........ #......
####.#### #.....
#....... . ###bzbb##
#.#.#.## ..
#..§§.b.######+#.....
...#.S§§§§.##.......#.#.
...bb§§§§b.##...........
...bz§§♣bbz##......#####
....bbb.bb.#............
....b.bbbb.....#########
########..b....####.....
#.......#b........###.
#.......'........## ##
#.......#.......## #
#.......#......##
.........####..##


You could see a water moccasin (inner flame) and 3 wights.

Vanquished Creatures
  A black bear (D:4)
  A sky beast (D:6)
  An ogre (D:2)
  2 phantoms
  2 bullfrogs
  4 scorpions
  2 wights (D:7)
  2 howler monkeys (D:7)
  4 bombardier beetles
  3 jellies
  5 orc priests
  Crazy Yiuf (D:3)
  A hound (D:6)
  Terence (D:2)
  A sleepcap (D:6)
  An iguana (D:5)
  5 orc wizards
  Natasha (twice) (D:2)
  Robin (D:2)
  6 adders
  A shadow imp (D:6)
  A white imp (D:7)
  4 ufetubi
  2 dart slugs
  5 ribbon worms
  17 orcs
  4 ball pythons
  5 bats
  9 endoplasms
  5 giant cockroaches
  12 goblins
  6 hobgoblins
  3 jackals (D:3)
  2 quokkas (D:4)
  8 kobolds
  3 rats (D:1)
133 creatures vanquished.

Vanquished Creatures (collateral kills)
  A sleepcap (D:6)
1 creature vanquished.

Grand Total: 134 creatures vanquished

Notes
Turn   | Place    | Note
-------+----------+-------------------------------------------
     0 | D:1      | ezpacito the Demonspawn Chaos Knight began the quest for
                  | the Orb.
     0 | D:1      | Reached XP level 1. HP: 18/18 MP: 1/1
    72 | D:1      | Reached skill level 1 in Dodging
   184 | D:1      | XOM: 6-stop teleportation journey
   365 | D:1      | XOM: 3-stop teleportation journey
   402 | D:1      | XOM: give mutation
   402 | D:1      | Gained mutation: You are weak. (Str -2) [Xom's mischief]
   447 | D:1      | Gained mutation: You are faintly shadowed, very rarely
                  | releasing foul flame when damaged in melee. [demonic
                  | ancestry]
   447 | D:1      | Reached XP level 2. HP: 22/24 MP: 2/2
   502 | D:1      | Found a faded altar of an unknown god.
   780 | D:2      | Noticed Natasha
   792 | D:2      | Gained mutation: When seriously injured, your blood forms
                  | armour. (AC +0) [demonic ancestry]
   792 | D:2      | Reached XP level 3. HP: 10/29 MP: 2/4
   793 | D:2      | Killed Natasha
   794 | D:2      | Reached skill level 1 in Unarmed Combat
   890 | D:2      | Reached skill level 1 in Spellcasting
   890 | D:2      | Gained mutation: When seriously injured, your blood forms
                  | thick armour. (AC +0) [demonic ancestry]
   890 | D:2      | Reached XP level 4. HP: 34/35 MP: 5/5
   957 | D:2      | Noticed Natasha
   959 | D:2      | Natasha changed into Natasha the ogre
   959 | D:2      | Noticed Natasha
   959 | D:2      | XOM: polymorph Natasha -> Natasha the ogre
   966 | D:2      | Killed Natasha the ogre
   967 | D:2      | Reached skill level 1 in Polearms
   967 | D:2      | Reached skill level 1 in Stealth
   967 | D:2      | Reached XP level 5. HP: 29/41 MP: 5/7
  1056 | D:2      | Found a hide-covered altar of Uskayaw.
  1068 | D:2      | Noticed Robin
  1080 | D:2      | Killed Robin
  1459 | D:2      | Noticed Natasha
  1479 | D:2      | XOM: butterfly on damage
  1480 | D:2      | Killed Natasha
  1530 | D:2      | XOM: 2-stop teleportation journey
  1571 | D:2      | Noticed Terence
  1576 | D:2      | XOM: repel stairs
  1586 | D:2      | XOM: give mutations
  1586 | D:2      | Lost mutation: You are weak. (Str -2) [Xom's mischief]
  1586 | D:2      | Gained mutation: Your health recovers twice as slowly from
                  | being drained. [Xom's mischief]
  1597 | D:2      | Killed Terence
  1901 | D:2      | XOM: give mutations
  1901 | D:2      | Gained mutation: You have sharp toenails. [Xom's mischief]
  1901 | D:2      | Gained mutation: You are weak. (Str -2) [Xom's mischief]
  1901 | D:2      | Gained mutation: You occasionally shout uncontrollably at
                  | your foes. [Xom's mischief]
  2085 | D:2      | XOM: 1-stop teleportation journey
  2210 | D:3      | Lost mutation: You have sharp toenails. [demonic ancestry]
  2210 | D:3      | Gained mutation: You have large cloven feet. [demonic
                  | ancestry]
  2210 | D:3      | Reached XP level 6. HP: 43/48 MP: 8/8
  2339 | D:3      | XOM: fog
  2474 | D:3      | Found Gikhofam's Armour Emporium.
  2483 | D:3      | Bought a +0 pair of gloves for 49 gold pieces
  2578 | D:3      | Found a runed translucent door.
  2579 | D:3      | Noticed Crazy Yiuf
  2974 | D:3      | XOM: summons 1 hostile demon
  3102 | D:3      | Killed Crazy Yiuf
  3216 | D:4      | XOM: 2-stop teleportation journey
  3236 | D:4      | XOM: divination: detect creatures
  3340 | D:4      | Reached skill level 4 in Fighting
  3340 | D:4      | Gained mutation: You regenerate a little health from kills.
                  | [demonic ancestry]
  3340 | D:4      | Reached XP level 7. HP: 49/54 MP: 10/10
  3510 | D:4      | Found a burning altar of Makhleb.
  3515 | D:4      | Noticed a green death
  3515 | D:4      | Noticed an angel
  3529 | D:4      | XOM: enchant monster (bad)
  3547 | D:4      | Reached skill level 1 in Throwing
  3547 | D:4      | Reached skill level 1 in Evocations
  3780 | D:4      | XOM: scenery: 1 doors open
  3962 | D:4      | XOM: stat loss: -1 Str (12/13)
  4095 | D:5      | Entered Level 5 of the Dungeon
  4097 | D:5      | XOM: scenery: summon butterflies
  4231 | D:5      | Found a staircase to the Ecumenical Temple.
  4255 | Temple   | Entered the Ecumenical Temple
  4314 | D:5      | Gained mutation: You regenerate health from kills. [demonic
                  | ancestry]
  4314 | D:5      | Reached XP level 8. HP: 53/61 MP: 12/12
  4317 | D:5      | XOM: confuse monster(s)
  4331 | D:5      | XOM: confuse monster(s)
  4482 | D:5      | Found Ymucrou's Neck Hole.
  4495 | D:5      | XOM: potion effect (invisibility)
  4542 | D:5      | XOM: noise
  4560 | D:5      | Found a blossoming altar of Fedhas.
  4560 | D:5      | Found a hazy altar of Hepliaklqana.
  4568 | D:5      | Found a faded altar of an unknown god.
  4570 | D:5      | Found a hide-covered altar of Uskayaw.
  4572 | D:5      | Found a faded altar of an unknown god.
  4623 | D:5      | Identified the +2 whip "Nukhlyxor" {drain, Int+3}
  4766 | D:5      | XOM: noise
  4889 | D:6      | XOM: noise
  4896 | D:6      | XOM: god gift: 41 gold pieces
  4906 | D:6      | XOM: summons friendly white imp
  4908 | D:6      | XOM: polymorph sky beast -> sky beast
  5036 | D:6      | XOM: cloud trail
  5361 | D:6      | Learned a level 2 spell: Blink
  5364 | D:6      | Learned a level 2 spell: Lesser Beckoning
  5367 | D:6      | Learned a level 2 spell: Momentum Strike
  5379 | D:6      | XOM: give mutations
  5379 | D:6      | Gained mutation: You are somewhat resistant to further
                  | mutation. [Xom's grace]
  5379 | D:6      | Gained mutation: You possess an exceptional clarity of
                  | mind. [Xom's grace]
  5379 | D:6      | Gained mutation: Your spells are a little harder to cast,
                  | but a little more powerful. [Xom's grace]
  5562 | D:7      | XOM: silly message
  5585 | D:7      | Reached skill level 5 in Fighting
  5588 | D:7      | XOM: silly message
  5620 | D:7      | XOM: silly message
  5640 | D:7      | XOM: potion effect (might)
  5646 | D:7      | XOM: potion effect (might)
  5648 | D:7      | HP: 4/84 [spore (10)]
  5648 | D:7      | Killed by an exploding butterfly... ignited by their inner
                  | flame

Illustrated notes

Levels and vault maps discovered:
D:1:      minmay_arrival_arboretum_small, layout_basic,
          shapermc_ecumenical_altar_pompeii, columned_hall_lemuel,
          serial_bayou_pond_d
D:2:      layout_basic, basic_altar, chequers_serial_rivers_marsh, minivault_27,
          minmay_fractal_squares_5, uniq_natasha, uniq_robin, uniq_terence
D:3:      layout_loops_cross, serial_shops, nicolae_lakefront_shop,
          uniq_crazy_yiuf_cottage
D:4:      layout_basic, grunt_temple_overflow_order_and_chaos_2,
          guppyfry_early_orc_mine
D:5:      layout_cave_pools, chequers_temple_overflow_minitemple,
          minmay_temple_entry_glassed_door, nicolae_shop_sticking_my_neck_out
D:6:      layout_rooms
D:7:      layout_basic, kiku_gazebo_pond_becter, nemelex_spade_bored_becter,
          uniq_joseph
Temple:   nicolae_temple_superstar

Skill      XL: |  1  2  3  4  5  6  7  8 |
---------------+-------------------------+-----
Dodging        | 1 2 3 |  3.6
Armour         | 2 3 4 |  4.1
Axes           | 3 4 |  4.6
Unarmed Combat | 1 2 3 |  3.4
Spellcasting   | 1 2 3 |  3.4
Polearms       | 1 2 3 |  3.6
Stealth        | 1 2 |  2.8
Fighting       | 4 5 |  5.0
Throwing       | 1 2 |  2.0
Evocations     | 1 2 |  2.1
Conjurations   | |  0.5

Action                     |  1- 3 |  4- 6 |  7- 9 || total
---------------------------+-------+-------+-------++-------
  Melee: Hand axe          |    66 |   156 |   289 ||   511
         Kick              |       |    26 |    88 ||   114
    Use: Scroll            |       |     1 |    15 ||    16
         Potion            |       |     3 |     6 ||     9
   Stab: Sleeping          |     2 |       |       ||     2
         Confused          |       |       |     4 ||     4
         Invisible         |       |       |     1 ||     1
         Betrayed ally     |       |       |     1 ||     1
 Armour: Leather armour    |    42 |    44 |       ||    86
         Chain mail        |       |    88 |   270 ||   358
         Skin              |       |       |    40 ||    40
  Dodge: Dodged            |    55 |    89 |   118 ||   262
         Repelled          |       |     3 |     3 ||     6

Table legend: (Time is in decaauts)
 A = Elapsed time spent in this place.
 B = Non-inter-level travel time spent in this place.
 C = Inter-level travel time spent in this place.
 D = Time resting spent in this place.
 E = Time spent auto-exploring this place.
 F = Levels seen in this place.
 G = Mean time per level.
                   A        B        C        D        E       F      G
               +--------+--------+--------+--------+--------+-----+--------+
         Total |   5717 |   5439 |    278 |    139 |   4143 |   8 |  714.6 |
       Dungeon |   5690 |   5413 |    277 |    139 |   4118 |   7 |  812.9 |
        Temple |     26 |     26 |      0 |      0 |     25 |   1 |   26.0 |
               +--------+--------+--------+--------+--------+-----+--------+

Top non-repeatable levels by time:
     D:2: 1440 daAuts
     D:3: 1032 daAuts
     D:4: 918 daAuts
     D:1: 761 daAuts
     D:5: 730 daAuts
     D:6: 549 daAuts
     D:7: 258 daAuts
  Temple: 26 daAuts
